Map: Ruins of Seras

Players

Javert

  • Race: Zerg Zerg
  • League: Gold

Irony - Winner!

  • Race: Protoss Protoss
  • League: Gold

VOD

Have the link to the VOD?

Description

Time

  • Played on: Sept. 28, 2015, 1:49 a.m.
  • Length: 7:26
Show
View Real Time Build Order
Export as new Build Order

Javert Zerg 

Build Orders: Hatch First 

Get SALT Encoding   

  12  0:01  Drone  
  13  0:15  Overlord  
  13  0:19  Drone  
  14  0:33  Drone x2  
  16  0:38  Drone  
  17  0:59  Drone  
  17  1:00  Hatchery  
  17  1:04  Drone  
  17  1:07  Extractor  
  17  1:14  Drone  
  18  1:29  Overlord  
  18  1:33  Spawning Pool  
  18  1:39  Drone  
  18  1:51  Drone  
  19  2:10  Hatchery  
  18  2:22  Metabolic Boost  
  18  2:23  Queen  
  20  2:32  Queen  
  22  2:44  Overlord  
  22  2:49  Drone x2  
  22  2:50  Drone  
  25  3:01  Extractor  
  24  3:11  Roach Warren  
  23  3:13  Drone x2  
  25  3:20  Zergling x2  
  25  3:21  Zergling x2  
  25  3:22  Zergling x2  
  25  3:26  Zergling x2  
  29  3:35  Drone x3  
  32  3:43  Drone x2  
  32  3:44  Drone  
  35  3:51  Drone  
  35  3:52  Drone x2  
  38  4:03  Overlord  
  38  4:06  Drone x4  
  42  4:11  Queen  
  44  4:21  Roach x3  
  52  4:24  Roach  
  52  4:40  Overlord x2  
  50  5:06  Roach x3  
  56  5:11  Drone x13  
  56  5:13  Lair  
  69  5:17  Extractor  
  69  5:20  Evolution Chamber  
  67  5:21  Evolution Chamber  
  65  5:36  Overlord  
  64  5:44  Overlord x2  
  63  5:51  Queen  
  63  5:56  Overlord  
  65  6:04  Burrow  
  62  6:23  Roach x2  
  62  6:24  Roach x6  
  76  6:28  Extractor  
  76  6:29  Extractor  
  73  6:36  Spine Crawler  
  73  6:39  Drone x7, Spine Crawler  
  81  6:40  Drone x3  
  81  6:45  Overlord  
  81  6:48  Drone x2  
  81  6:49  Spine Crawler  
  82  6:56  Zergling x4  
  84  7:03  Roach x10  
  84  7:06  Zergling x2  
  84  7:07  Zergling x10  
Show
View Real Time Build Order
Export as new Build Order

Irony Protoss - Winner!

Build Orders: 1 Gate Expand 

Get SALT Encoding   

  12  0:00  Probe (Chrono Boost)  
  13  0:10  Probe (Chrono Boost)  
  14  0:20  Pylon  
  14  0:22  Probe (Chrono Boost)  
  15  0:38  Probe (Chrono Boost)  
  15  0:39  Gateway  
  16  0:48  Probe (Chrono Boost)  
  17  0:50  Assimilator  
  17  0:58  Probe (Chrono Boost)  
  18  1:19  Nexus  
  18  1:21  Probe (Chrono Boost)  
  19  1:32  Probe (Chrono Boost)  
  19  1:37  Cybernetics Core  
  20  1:42  Probe (Chrono Boost)  
  20  1:46  Assimilator  
  21  1:52  Probe (Chrono Boost)  
  22  2:02  Probe (Chrono Boost)  
  23  2:13  Warp Gate (Chrono Boost)  
  23  2:22  Robotics Facility  
  23  2:29  Adept (Chrono Boost)  
  23  2:30  Probe (Chrono Boost)  
  23  2:31  Probe (Chrono Boost)  
  27  2:41  Probe  
  28  2:44  Probe, Pylon  
  29  2:51  Probe  
  29  2:56  Probe  
  31  3:00  Adept (Chrono Boost)  
  31  3:01  Probe  
  34  3:09  Probe  
  34  3:11  Probe  
  35  3:13  Gateway  
  36  3:20  Gateway  
  36  3:23  Warp Prism  
  36  3:26  Probe  
  38  3:33  Probe  
  40  3:37  Pylon  
  40  3:42  Adept  
  40  3:45  Probe  
  40  3:46  Probe, Pylon  
  44  3:58  Probe  
  45  4:04  Assimilator  
  45  4:06  Robotics Bay  
  45  4:13  Probe, Observer (Chrono Boost)  
  47  4:19  Assimilator  
  47  4:23  Probe  
  46  4:30  Probe, Immortal (Chrono Boost)  
  48  4:33  Adept, Forge  
  54  4:42  Probe  
  55  4:58  Immortal (Chrono Boost)  
  55  5:03  Observer Gravitic Boosters (Chrono Boost), Probe  
  60  5:14  Gateway  
  60  5:15  Probe (Chrono Boost)  
  60  5:16  Gateway  
  61  5:26  Probe  
  62  5:36  Pylon  
  62  5:38  Pylon  
  62  5:40  Pylon  
  62  5:54  Probe  
  62  5:56  Pylon x2  
  62  5:57  Stalker x3  
  69  6:06  Probe  
  68  6:22  Probe  
  68  6:25  Stalker x3  
  73  6:26  Twilight Council  
  75  6:34  Probe  
  76  6:40  Disruptor  
  76  6:41  Adept x2  
  76  6:45  Nexus  
  76  6:46  Pylon  
  80  6:47  Pylon  
  80  6:50  Adept x2  
  80  6:51  Adept  
  89  7:05  Stalker x2  
  91  7:21  Stalker x2  
  91  7:22  Stalker  
Tags
 
Add a new tag
Caveats
  • Supply blocks, unpowered buildings, or Contaminate may cause inaccurate times.
  • Supply counts are checked every 10 seconds.